 Dungeon Crawl Stone Soup version 0.27-a0-1365-ge71e8f7681 (webtiles) character file.

Game seed: 10080504520128920595

820 HAL9000 the Transmogrifier (level 7, -6/58 HPs)
             Began as a Yellow Draconian Transmuter on June 28, 2021.
             Was an Initiate of Ashenzari.
             Killed from afar by an acid dragon (9 damage)
             ... with a splash of acid
             ... on level 5 of the Dungeon.
             The game lasted 00:12:21 (7598 turns).

HAL9000 the Transmogrifier (DrTm)                   Turns: 7598, Time: 00:12:22

Health: -6/58      AC:  2    Str: 13    XL:     7   Next: 63%
Magic:  5/10       EV: 19    Int: 14    God:    Ashenzari [......]
Gold:   218        SH:  0    Dex: 17    Spells: 4/10 levels left

rFire    . . .     SeeInvis .     - Unarmed
rCold    . . .     Faith    .   (shield currently unavailable)
rNeg     . . .     Spirit   .   (armour unavailable)
rPois    x         Reflect  .   (helmet currently unavailable)
rElec    .         Harm     .   (cloak currently unavailable)
rCorr    .         Rampage  .   (gloves currently unavailable)
Will     .....                  (boots currently unavailable)
Stlth    ++........             (no amulet)
HPRegen  0.19/turn              (no ring)
MPRegen  0.12/turn              (no ring)

@: spider-form
A: venomous fangs, (spit acid), AC +6, tiny, unfitting armour, (cold-blooded),
(acid resistance)
a: End Transformation, Renounce Religion


You were on level 5 of the Dungeon.
You worshipped Ashenzari.
Ashenzari was noncommittal.
You were a venomous arachnid creature.
You visited 2 branches of the dungeon, and saw 6 of its levels.

You collected 218 gold pieces.

Inventory:

Missiles
 i - 6 javelins
 k - 5 boomerangs
Armour
 m - a +0 pair of boots of rampaging (melded)
Jewellery
 g - an amulet of guardian spirit
 q - a ring of see invisible
Wands
 o - a wand of paralysis (14)
 r - a wand of flame (16)
Scrolls
 c - 2 scrolls of blinking
 e - a scroll of silence
 f - 2 scrolls of enchant weapon
 l - a scroll of noise
 n - a scroll of magic mapping
Potions
 a - 3 potions of haste
 b - a potion of berserk rage
 d - a potion of might
 h - a potion of invisibility
 j - a potion of lignification
 p - 2 potions of curing
 s - a potion of heal wounds


   Skills:
 + Level 3.7 Fighting
 - Level 1.7 Dodging
 - Level 3.0 Unarmed Combat
 - Level 2.0 Spellcasting
 + Level 8.1 Transmutations


You had 4 spell levels left.
You knew the following spells:

 Your Spells              Type           Power      Damage    Failure   Level
a - Beastly Appendage     Tmut           48%        N/A       4%          1
b - Wereblood             Tmut           24%        N/A       6%          2
c - Spider Form           Tmut/Pois      6%         N/A       30%         3

Your spell library contained the following spells:

 Spells                   Type           Power      Damage    Failure   Level
 Animate Skeleton         Necr           2%         N/A       45%         1
 Magic Dart               Conj           4%         1d3       45%         1
 Pain                     Necr           4%         1d4       45%         1
 Blink                    Tloc           N/A        N/A       56%         2
 Call Imp                 Summ           1%         N/A       56%         2
 Searing Ray              Conj           2%         3d3       56%         2
 Slow                     Hex            1%         N/A       56%         2
 Ice Form                 Ice/Tmut       12%        N/A       63%         4
 Conjure Flame            Conj/Fire      1%         6-21      77%         3
 Dazzling Flash           Conj/Hex       2%         N/A       77%         3
 Mephitic Cloud           Conj/Pois/Air  1%         N/A       77%         3
 Vampiric Draining        Necr           0%         2d6       77%         3
 Animate Dead             Necr           0%         N/A       98%         4
 Fulminant Prism          Conj/Hex       0%         3d6       98%         4
 Iskenderun's Mystic Bla  Conj/Tloc      1%         2d3       98%         4
 Agony                    Necr           1%         N/A       100%        5


Dungeon Overview and Level Annotations

Branches:
Dungeon (5/15)             Temple (1/1) D:4

Altars:
Ashenzari
Dithmenos
Elyvilon
Fedhas
Gozag
Hepliaklqana
Makhleb
Nemelex Xobeh
Okawaru
Qazlal
Sif Muna
Trog
Uskayaw
Vehumet
Wu Jian
Xom
Yredelemnul
Zin
The Shining One

Shops:
D:3 [


Innate Abilities, Weirdness & Mutations

You are a venomous arachnid creature.
You have poisonous fangs.
You are tiny and dextrous.
Your spellcasting is less reliable in this form.
Your armour is entirely melded.
You are incapable of wielding weapons or throwing items.
((You can spit globs of acid.))
((Your golden yellow scales are hard. (AC +6)))
You cannot fit into any form of body armour.
((You are cold-blooded and may be slowed by cold attacks.))
((You are resistant to acid. (rCorr)))


Message History

The splash of acid misses you.
Casting: Spider Form (dangerous; 13% risk of failure)
Confirm with . or Enter, or press ? or * to list all spells.
You turn into a venomous arachnid creature.
Your +0 pair of boots of rampaging melds into your body.
You no longer feel able to rampage towards enemies.
The acid dragon misses you. x2
You hit the acid dragon.
The acid dragon is moderately wounded.
The acid dragon bites you. The acid dragon barely misses you.
You hit the acid dragon but do no damage.
The acid dragon is moderately wounded.
The acid dragon barely misses you. The acid dragon closely misses you.
You hit the acid dragon.
The acid dragon is moderately wounded.
The acid dragon spits acid at you. The splash of acid hits you!
You are splashed with acid!
You hit the acid dragon but do no damage.
The acid dragon is moderately wounded.
You have got your breath back.
The acid dragon completely misses you. The acid dragon misses you.
Unknown command.
You completely miss the acid dragon.
The acid dragon is moderately wounded.
The acid dragon completely misses you. The acid dragon barely misses you.
You hit the acid dragon but do no damage.
The acid dragon is moderately wounded.
The acid dragon spits acid at you. The splash of acid hits you!
* * * LOW HITPOINT WARNING * * *
You are splashed with acid!
* * * LOW HITPOINT WARNING * * *
Your magical contamination has completely faded away.
Okay, then.
Blink to where?
Press: ? - help, Dir - move target, p - acid dragon
As you read the scroll of blinking, it crumbles to dust.
The acid dragon spits acid at you. The splash of acid hits you!
You die...

..##....# #.#..##.# ####
.>###...# #.##.##.# .....
##..#...######.##.##.##......
##.#........)........§D...... ##
...............#..#.......... #.
...............#..#.##....... #.
#####...#####.......# ....... #.
# #.###.# ####..### ....... ## #
#.# .# #s..###?###### # #.###.#
#<......# ####### # ###...##
#.).##### #...... ###.....###
##.## ####.##### ##........#
##.## #.....>.## #.......#.#
##.#.#####.##.##...
#.........#####.###......##.#####
#..............#.#.########.#####
^..............##.## #......


You could see an acid dragon (catching breath).

Vanquished Creatures
  2 ogres
  An orc priest (D:3)
  3 hounds
  2 jellies
  Crazy Yiuf (D:2)
  A bullfrog skeleton (D:5)
  3 iguanas
  Natasha (thrice) (D:2)
  Terence (D:2)
  2 orc wizards (D:5)
  2 hound skeletons
  7 adders
  A river rat (D:4)
  An ufetubus (D:4)
  2 worms
  2 dart slugs
  9 orcs
  7 endoplasms
  4 giant cockroaches
  3 goblins
  4 hobgoblins
  7 kobolds
  5 quokkas
  4 ball pythons
  3 bats (D:2)
  A frilled lizard (D:1)
  5 rats
86 creatures vanquished.

Notes
Turn   | Place    | Note
-------+----------+-------------------------------------------
     0 | D:1      | HAL9000 the Draconian Transmuter began the quest for the
                  | Orb.
     0 | D:1      | Reached XP level 1. HP: 16/16 MP: 3/3
   160 | D:1      | Found a faded altar of an unknown god.
   345 | D:1      | Reached XP level 2. HP: 20/23 MP: 3/5
   593 | D:1      | Reached skill level 3 in Transmutations
   720 | D:1      | Learned a level 2 spell: Wereblood
  1283 | D:2      | Reached XP level 3. HP: 21/28 MP: 4/6
  1368 | D:2      | Learned a level 3 spell: Spider Form
  1554 | D:2      | Noticed Terence
  1567 | D:2      | Killed Terence
  1568 | D:2      | Reached skill level 4 in Transmutations
  1568 | D:2      | Reached XP level 4. HP: 35/35 MP: 4/7
  1603 | D:2      | Noticed Natasha
  1615 | D:2      | Killed Natasha
  1868 | D:2      | Noticed Natasha
  1880 | D:2      | Killed Natasha
  1881 | D:2      | Reached skill level 5 in Transmutations
  1985 | D:2      | Noticed Natasha
  1996 | D:2      | Killed Natasha
  1997 | D:2      | Reached XP level 5. HP: 25/40 MP: 4/8
  2614 | D:2      | Found a runed translucent door.
  2615 | D:2      | Noticed Crazy Yiuf
  2690 | D:2      | Killed Crazy Yiuf
  3532 | D:3      | Reached skill level 6 in Transmutations
  3710 | D:3      | Found a blossoming altar of Fedhas.
  3770 | D:3      | Reached XP level 6. HP: 40/48 MP: 5/9
  3999 | D:3      | Found a glowing golden altar of the Shining One.
  4147 | D:3      | Found Ciqotutoax's Armour Shop.
  4693 | D:4      | Found a stormy altar of Qazlal.
  4734 | D:4      | Found a staircase to the Ecumenical Temple.
  4767 | Temple   | Entered the Ecumenical Temple
  5049 | Temple   | Became a worshipper of Ashenzari the Shackled
  5049 | Temple   | Identified a scroll of acquirement
  5660 | D:4      | Reached skill level 7 in Transmutations
  6367 | D:5      | Entered Level 5 of the Dungeon
  6428 | D:4      | Your scales start taking on a golden yellow colour.
  6428 | D:4      | Reached XP level 7. HP: 33/57 MP: 7/10
  6428 | D:4      | Gained mutation: You are resistant to acid. (rCorr) [Yellow
                  | Draconian growth]
  6930 | D:5      | Acquired a +0 pair of boots of rampaging
  7196 | D:5      | Reached skill level 8 in Transmutations
  7597 | D:5      | HP: 2/58 [acid (12)]
  7598 | D:5      | Killed from afar by an acid dragon

Illustrated notes

Levels and vault maps discovered:
D:1:      minmay_arrival_doors, layout_basic, ebering_ecumenical_altar_hall
D:2:      layout_basic, chequers_serial_rivers_small_b, grunt_ministairs_13,
          uniq_terence, uniq_natasha, uniq_crazy_yiuf_cottage
D:3:      layout_loops_ring, nicolae_overflow_crystal_walls, lemuel_tele_altar,
          serial_aquarium, aquarium_bridge_square [aquarium_subvault_window,
          aquarium_subvault_window, aquarium_subvault_wall,
          aquarium_subvault_bridge], aquarium_bridge_square
          [aquarium_subvault_window, aquarium_subvault_bridge,
          aquarium_subvault_wall, aquarium_subvault_window],
          aquarium_window_fake, aquarium_window_1, aquarium_window_2,
          aquarium_window_2, aquarium_view_2f, aquarium_balcony_1b,
          serial_shops, shop
D:4:      layout_loops_ring, grunt_qazlal_clouds, minmay_temple_entry_ruins,
          gup_sewer_entry_spiral
D:5:      layout_loops_cross, st_stairs_7
Temple:   nicolae_temple_elliptical

Skill      XL: |  1  2  3  4  5  6  7 |
---------------+----------------------+-----
Transmutations | 3 4 5 6 7 8 |  8.1
Fighting       | 3 |  3.7
Dodging        | |  1.7
Unarmed Combat | |  3.0
Spellcasting   | |  2.0

Action                   |  1- 3 |  4- 6 |  7- 9 || total
-------------------------+-------+-------+-------++-------
Melee: Unarmed           |    72 |   262 |    76 ||   410
       Headbutt          |     6 |     2 |       ||     8
       Kick              |     6 |     9 |       ||    15
       Tailslap          |     5 |    19 |     7 ||    31
       Punch             |     1 |     3 |       ||     4
 Cast: Beastly Appendage |    11 |     9 |       ||    20
       Wereblood         |     1 |       |       ||     1
       Spider Form       |     1 |    14 |     5 ||    20
 Abil: Breathe Acid      |       |       |     4 ||     4
  Use: Potion            |       |     1 |       ||     1
       Scroll            |       |       |     2 ||     2
 Stab: Sleeping          |     1 |     1 |       ||     2
Armor: Skin              |    13 |    63 |    18 ||    94
Dodge: Dodged            |    53 |   184 |    51 ||   288

Table legend: (Time is in decaauts)
 A = Elapsed time spent in this place.
 B = Non-inter-level travel time spent in this place.
 C = Inter-level travel time spent in this place.
 D = Time resting spent in this place.
 E = Time spent auto-exploring this place.
 F = Levels seen in this place.
 G = Mean time per level.
                   A        B        C        D        E       F      G
               +--------+--------+--------+--------+--------+-----+--------+
         Total |   7618 |   7438 |    180 |   1832 |   4658 |   6 | 1269.7 |
       Dungeon |   7302 |   7156 |    146 |   1832 |   4418 |   5 | 1460.4 |
        Temple |    316 |    282 |     34 |      0 |    240 |   1 |  316.0 |
               +--------+--------+--------+--------+--------+-----+--------+

Top non-repeatable levels by time:
     D:2: 1959 daAuts
     D:4: 1862 daAuts
     D:3: 1317 daAuts
     D:1: 1266 daAuts
     D:5: 894 daAuts
  Temple: 316 daAuts
